 Dungeon Crawl Stone Soup version 0.30-a0-222-ge547ba4400 (webtiles) character file.

Game seed: 13089855438400884538

26950 Aibolit the Slicer (level 13, 0/96 HPs)
             Began as a Human Fighter on Oct 9, 2022.
             Was a High Priest of Okawaru.
             Drowned by a quicksilver ooze (6 damage)
             ... on level 4 of the Lair of Beasts.
             The game lasted 00:47:53 (15997 turns).

Aibolit the Slicer (Human Fighter)                 Turns: 15997, Time: 00:47:54

Health: 0/96       AC: 43    Str: 21    XL:     13   Next: 62%
Magic:  13/13      EV:  8    Int:  8    God:    Okawaru [*****.]
Gold:   571        SH: 15    Dex: 14    Spells: 4/12 levels left

rFire   . . .      SeeInvis +    J - +8 rapier "Wattegir" {vorpal, +Blink rElec rF- SInv}
rCold   . . .      Faith    .    v - +4 kite shield
rNeg    . . .      Spirit   .    l - +15 Maxwell's patent armour {-Cast -Tele rElec Will+ rCorr}
rPois   .          Reflect  .    k - +2 helmet
rElec   +          Harm     .    (no cloak)
rCorr   +          Rampage  .    n - +1 pair of gloves
Will    +....      NoTele   +    K - +2 pair of boots {Stlth+}
Stlth   .......... NoCast   +    M - amulet of regeneration
HPRegen 1.16/turn                d - +4 ring of protection
MPRegen 0.13/turn                U - ring of protection from fire

@: engulfed (cannot breathe)
A: no striking features
a: Renounce Religion, Evoke Blink, Heroism, Finesse, Duel


You were on level 4 of the Lair of Beasts.
You worshipped Okawaru.
Okawaru was extremely pleased with you.
You visited 6 branches of the dungeon, and saw 18 of its levels.

You collected 1431 gold pieces.
You spent 860 gold pieces at shops.

Inventory:

Hand Weapons
 I - the +4 falchion of Bitumus {antimagic, *Slow rN+ Will+ Dex+3}
   (You bought it in a shop on level 9 of the Dungeon)

   It reduces the magical energy of the wielder, and disrupts the spells and
   magical abilities of those it strikes.
   Natural abilities and divine invocations are not affected.
   Dex:       It affects your dexterity (+3).
   rN:        It protects you from negative energy.
   *Slow:     It may slow you when you take damage.
   Will:      It increases your willpower.
 J - the +8 rapier "Wattegir" (weapon) {vorpal, +Blink rElec rF- SInv}
   (You took it off a centaur on level 9 of the Dungeon)

   It inflicts extra damage upon your enemies.
   rF:        It makes you vulnerable to fire.
   rElec:     It insulates you from electricity.
   SInv:      It lets you see invisible.
   +Blink:    It lets you blink.
Missiles
 F - 3 throwing nets
Armour
 k - a +2 helmet (worn)
 l - the +15 Maxwell's patent armour (worn) {-Cast -Tele rElec Will+ rCorr}
   (You acquired it on level 5 of the Dungeon)

   rElec:     It insulates you from electricity.
   -Cast:     It prevents spellcasting.
   -Tele:     It prevents most forms of teleportation.
   rCorr:     It protects you from acid and corrosion.
   Will:      It increases your willpower.
 n - a +1 pair of gloves (worn)
 t - the +3 hat of Pondering {ponderous, Will+ MP+10 Int+5}
   (You took it off Gastronok on level 9 of the Dungeon)

   Int:       It affects your intelligence (+5).
   MP:        It affects your magic capacity (+10).
   Will:      It increases your willpower.
 v - a +4 kite shield (worn)
 H - a +0 plate armour
 K - a +2 pair of boots of stealth (worn)
Jewellery
 d - a +4 ring of protection (left hand)
 M - an amulet of regeneration (around neck)
 S - a +6 ring of intelligence
 U - a ring of protection from fire (right hand)
Wands
 s - a wand of digging (3)
 y - a wand of iceblast (8)
 N - a wand of flame (7)
 P - a wand of mindburst (10)
 R - a wand of polymorph (13)
Scrolls
 c - a scroll of brand weapon {unknown}
 e - 2 scrolls of noise
 h - 5 scrolls of blinking
 i - 5 scrolls of teleportation
 m - 2 scrolls of butterflies {unknown}
 q - a scroll of amnesia {unknown}
 r - 2 scrolls of magic mapping
 u - 2 scrolls of poison {unknown}
 w - 2 scrolls of vulnerability
 x - a scroll of summoning {unknown}
 E - 2 scrolls of immolation
 L - 2 scrolls of fear
 O - 2 scrolls of enchant weapon
 Q - 2 scrolls of enchant armour
Potions
 a - 5 potions of attraction {unknown}
 b - a potion of experience {unknown}
 f - 3 potions of invisibility {unknown}
 g - 2 potions of heal wounds
 j - 2 potions of haste {unknown}
 o - 2 potions of flight
 p - 3 potions of degeneration {unknown}
 z - 2 potions of mutation {unknown}
 A - 2 potions of lignification {unknown}
 B - 4 potions of curing
 C - 2 potions of brilliance {unknown}
 D - 2 potions of resistance {unknown}
 T - a potion of cancellation {unknown}
Miscellaneous
 G - a lightning rod (3/4)


   Skills:
 + Level 7.5 Fighting
 * Level 13.1(13.3) Short Blades
 - Level 3.6(9.2) Long Blades
 * Level 10.2 Armour
 * Level 8.7 Dodging
 + Level 10.4 Shields
 - Level 1.2 Invocations
 + Level 1.1 Evocations


You had 4 spell levels left.
You knew the following spells:

 Your Spells              Type           Power      Damage    Failure   Level
a - Ensorcelled Hibernat  Hex/Ice        0%         N/A       100%        2
b - Teleport Other        Tloc           0%         N/A       100%        3
c - Gell's Gravitas       Tloc           0%         N/A       100%        3

Your spell library contained the following spells:

 Spells                   Type           Power      Damage    Failure   Level
 Apportation              Tloc           0%         N/A       100%        1
 Kiss of Death            Conj/Necr      0%         2d5       100%        1
 Confusing Touch          Hex            0%         N/A       100%        3
 Dazzling Flash           Conj/Hex       0%         N/A       100%        3
 Lesser Beckoning         Tloc           0%         N/A       100%        3
 Spider Form              Tmut/Pois      0%         N/A       100%        3
 Anguish                  Hex/Necr       0%         N/A       100%        4
 Dispel Undead            Necr           0%         3d6       100%        4
 Iskenderun's Mystic Bla  Conj/Tloc      0%         2d3       100%        4
 Alistair's Intoxication  Tmut/Pois      0%         N/A       100%        5
 Iskenderun's Battlesphe  Conj           0%         2d6       100%        5
 Iron Shot                Conj/Erth      0%         9d1       100%        6
 Starburst                Conj/Fire      0%         6d3       100%        6
 Summon Ice Beast         Ice/Summ       Unusable   N/A       N/A         4
 Summon Mana Viper        Hex/Summ       Unusable   N/A       N/A         5
 Monstrous Menagerie      Summ           Unusable   N/A       N/A         7
 Spellforged Servitor     Conj/Summ      Unusable   N/A       N/A         7

Dungeon Overview and Level Annotations

Branches:
Dungeon (10/15)            Temple (1/1) D:5            Lair (4/5) D:9
 Shoals (1/4) Lair:3        Snake (0/4) Lair:2        Slime (1/5) Lair:4
    Orc (1/2) D:9

Altars:
Ashenzari
Cheibriados
Dithmenos
Elyvilon
Fedhas
Gozag
Hepliaklqana
Kikubaaqudgha
Makhleb
Nemelex Xobeh
Okawaru
Qazlal
Ru
Sif Muna
Trog
Uskayaw
Vehumet
Wu Jian
Xom
Yredelemnul
Zin
The Shining One
Jiyva
Lugonu

Shops:
D:2 ?   D:8 [   D:9 ([   D:10 (


Message History

The slime creature hits you but does no damage.
You block the slime creature's attack. The slime creature hits you!
The quicksilver ooze hits you.
The quicksilver ooze hits you but does no damage.
You hit the quicksilver ooze.
The quicksilver ooze is severely wounded.
* * * LOW HITPOINT WARNING * * *
Your lungs strain for air!
You barely miss the quicksilver ooze.
The quicksilver ooze is severely wounded.
* * * LOW HITPOINT WARNING * * *
Your lungs strain for air!
You block the quicksilver ooze's attack. x2
The slime creature hits you but does no damage.
You block the slime creature's attack. The slime creature barely misses you.
The quicksilver ooze hits you!
* * * LOW HITPOINT WARNING * * *
You block the quicksilver ooze's attack.
You feel better.
* * * LOW HITPOINT WARNING * * *
Your lungs strain for air!
The quicksilver ooze hits you.
You block the quicksilver ooze's attack.
The slime creature hits you but does no damage. x3
Aiming: Thunderbolt
Press: ? - help, Q - select action, (/) - cycle Shift-Dir - straight line, f/p - quicksilver ooze
Aim: a quicksilver ooze (severely wounded)
The thunderbolt hits the quicksilver ooze!
The quicksilver ooze is almost dead.
* * * LOW HITPOINT WARNING * * *
Your lungs strain for air!
You hear a bellow! x3; You hear an angry hiss. x2
The quicksilver ooze hits you.
The quicksilver ooze hits you but does no damage.
The slime creature hits you but does no damage.
You block the slime creature's attack. x2; The quicksilver ooze hits you.
The quicksilver ooze hits you but does no damage.
You hit the quicksilver ooze.
The quicksilver ooze is almost dead.
You die...

.... ... ..... .... .....
..... #....# .....
#....####..#P.
##.............
..........#..#
#.....J..#..# .#....J@..##
## #...P.JJ.#.##.# #.#
............... #...
..............#####.......
..............#.........#.
..............#.>... #.#..
..............#...####....
..............##.#........
..........................


You could see 3 slime creatures and a quicksilver ooze.

Vanquished Creatures
  Gastronok (D:9)
  2 hydras (Arena)
  2 two-headed ogres
  A boulder beetle (Lair:1)
  An oklob plant (D:10)
  2 manticores
  5 cane toads
  A gargoyle (D:9)
  An unseen horror (D:10)
  5 komodo dragons
  A wind drake (Lair:3)
  A merfolk (Shoals:1)
  A burning bush (Lair:2)
  A hornet (Lair:3)
  2 slime creatures (Slime:1)
  6 blink frogs
  A spriggan (Lair:3)
  21 yaks
  2 wraiths
  5 wyverns (D:9)
  A shadow (D:10)
  2 basilisks
  A steam dragon (D:8)
  4 nagas (Lair:2)
  14 water moccasins
  4 orc warriors (D:9)
  2 sky beasts (D:7)
  6 black bears
  2 ice beasts
  2 ogres
  41 wolves
  4 centaurs
  A phantom (D:7)
  11 bullfrogs
  2 kobold brigands
  A necrophage (D:5)
  4 gnoll sergeants
  3 scorpions
  8 wights
  7 killer bees (D:8)
  6 howler monkeys
  An electric eel (Lair:1)
  3 hounds
  4 jellies
  2 gnoll boudas
  3 orc priests
  14 orc wizards
  Ijyb (D:3)
  3 iguanas
  Robin (D:3)
  7 adders
  36 gnolls
  A shadow imp (D:5)
  3 white imps
  2 worms
  4 dart slugs
  32 orcs
  4 bats
  5 endoplasms
  A giant cockroach (D:3)
  13 goblins
  10 hobgoblins
  4 jackals (D:1)
  14 kobolds
  2 quokkas
  7 ball pythons
  2 frilled lizards (D:2)
  A kobold zombie (D:6)
  An orc zombie (D:6)
  6 rats
  A bush (D:10)
376 creatures vanquished.

Vanquished Creatures (others)
  A human (D:8)
  6 fungi
  21 plants
28 creatures vanquished.

Grand Total: 404 creatures vanquished

Notes
Turn   | Place    | Note
-------+----------+-------------------------------------------
     0 | D:1      | Aibolit the Human Fighter began the quest for the Orb.
     0 | D:1      | Reached XP level 1. HP: 18/18 MP: 1/1
   129 | D:1      | Found a faded altar of an unknown god.
   200 | D:1      | Reached XP level 2. HP: 24/24 MP: 2/2
   754 | D:2      | Reached XP level 3. HP: 29/29 MP: 3/3
   754 | D:2      | Found Lefaowk's Magic Scroll Emporium.
   762 | D:2      | Bought a scroll of teleportation for 42 gold pieces
   762 | D:2      | Bought a scroll of identify for 28 gold pieces
   778 | D:2      | Reached XP level 4. HP: 17/35 MP: 4/4
   927 | D:2      | You fall into a shaft and drop 1 floor!
   929 | D:3      | Noticed Robin
  1460 | D:2      | Reached XP level 5. HP: 41/41 MP: 5/5
  2027 | D:3      | Killed Robin
  2078 | D:3      | Noticed Ijyb
  2089 | D:3      | Killed Ijyb
  2447 | D:3      | Reached XP level 6. HP: 17/48 MP: 6/6
  3042 | D:3      | Found a hide-covered altar of Uskayaw.
  3113 | D:4      | Reached skill level 1 in Dodging
  3138 | D:4      | Noticed a black bear
  3144 | D:4      | Killed a black bear
  3145 | D:4      | Reached skill level 1 in Short Blades
  3256 | D:4      | Found a basalt altar of Yredelemnul.
  3299 | D:4      | Reached XP level 7. HP: 34/53 MP: 7/7
  3941 | D:5      | Entered Level 5 of the Dungeon
  3941 | D:5      | Noticed a water moccasin
  3953 | D:5      | Killed a water moccasin
  3954 | D:5      | Reached skill level 2 in Short Blades
  3954 | D:5      | Reached skill level 5 in Armour
  4009 | D:5      | Noticed a water moccasin
  4016 | D:5      | Killed a water moccasin
  4166 | D:5      | Reached XP level 8. HP: 53/60 MP: 8/8
  4432 | D:5      | Reached skill level 3 in Short Blades
  4553 | D:5      | Found a staircase to the Ecumenical Temple.
  4567 | Temple   | Entered the Ecumenical Temple
  4605 | Temple   | Became a worshipper of Warmaster Okawaru
  4920 | D:5      | Found a shadowy altar of Dithmenos.
  5142 | D:5      | Learned a level 2 spell: Ensorcelled Hibernation
  5146 | D:5      | Identified a scroll of acquirement
  5147 | D:5      | Acquired the +15 Maxwell's patent armour {-Cast -Tele rElec
                  | Will+ rCorr}
  5147 | D:5      | Found the +15 Maxwell's patent armour {-Cast -Tele rElec
                  | Will+ rCorr}
  5171 | D:6      | Noticed a two-headed ogre
  5195 | D:6      | Killed a two-headed ogre
  5195 | D:6      | Reached * piety under Okawaru
  5195 | D:6      | Reached ** piety under Okawaru
  5196 | D:6      | Reached skill level 5 in Short Blades
  5196 | D:6      | Reached XP level 9. HP: 60/67 MP: 9/9
  5295 | D:6      | Reached skill level 5 in Fighting
  5371 | D:6      | Found a hazy altar of Hepliaklqana.
  5603 | D:6      | Found a sand-covered staircase.
  6563 | D:7      | Reached skill level 6 in Short Blades
  6760 | D:7      | Reached skill level 5 in Shields
  6760 | D:7      | Reached XP level 10. HP: 74/74 MP: 7/10
  6810 | D:7      | Reached skill level 5 in Dodging
  6820 | D:7      | Reached *** piety under Okawaru
  6868 | D:7      | Reached skill level 7 in Short Blades
  7145 | D:7      | Reached skill level 8 in Short Blades
  7662 | D:7      | Found a shimmering altar of Xom.
  7946 | D:8      | Found an ancient bone altar of Kikubaaqudgha.
  8104 | D:8      | Found a glowing golden altar of the Shining One.
  8336 | D:8      | Found Koekhul's Antique Armour Boutique.
  8446 | D:8      | Reached **** piety under Okawaru
  8452 | D:8      | Reached skill level 9 in Short Blades
  8662 | D:8      | Reached XP level 11. HP: 74/80 MP: 8/11
  8767 | D:8      | Found a radiant altar of Vehumet.
  9695 | D:9      | Reached skill level 10 in Short Blades
  9765 | D:9      | Found a staircase to the Orcish Mines.
  9765 | D:9      | Found Vogeomod's Armour Shoppe.
  9765 | D:9      | Found Eceps's Weapon Shoppe.
  9793 | D:9      | Bought the +4 falchion of Bitumus {antimagic, *Slow rN+
                  | Will+ Dex+3} for 790 gold pieces
  9902 | D:9      | Noticed Gastronok
  9944 | D:9      | Killed Gastronok
  9944 | D:9      | Reached ***** piety under Okawaru
 10303 | D:9      | Found a staircase to the Lair.
 10456 | D:9      | Found an ornate altar of the Wu Jian Council.
 11024 | D:9      | Identified the +8 rapier "Wattegir" {vorpal, +Blink rElec
                  | rF- SInv}
 11302 | D:9      | Found an opulent altar of Gozag.
 11388 | Orc:1    | Entered Level 1 of the Orcish Mines
 11388 | Orc:1    | Noticed an orc sorcerer
 11413 | Lair:1   | Entered Level 1 of the Lair of Beasts
 11417 | Lair:1   | Noticed a boulder beetle
 11454 | D:10     | Entered Level 10 of the Dungeon
 11486 | D:10     | Found a snail-covered altar of Cheibriados.
 11581 | D:10     | Noticed a two-headed ogre
 11596 | D:10     | Killed a two-headed ogre
 11597 | D:10     | Reached XP level 12. HP: 76/89 MP: 12/12
 11872 | D:10     | Found a blossoming altar of Fedhas.
 11929 | D:10     | Found a sacrificial altar of Ru.
 12130 | D:10     | Found Usoog's Firing Range.
 12356 | D:10     | Reached skill level 11 in Short Blades
 12440 | Lair:1   | Killed a boulder beetle
 12973 | Lair:1   | Learned a level 3 spell: Teleport Other
 12977 | Lair:1   | Learned a level 3 spell: Gell's Gravitas
 13589 | Lair:2   | Found a staircase to the Snake Pit.
 13616 | Lair:2   | Noticed a four-headed hydra
 13626 | Arena    | Entered the Arena
 13635 | Arena    | Killed a four-headed hydra
 13636 | Arena    | Reached skill level 1 in Invocations
 14016 | Lair:2   | Reached skill level 12 in Short Blades
 14677 | Lair:3   | Noticed a spriggan rider
 14700 | Lair:2   | Reached XP level 13. HP: 88/96 MP: 10/13
 14963 | Lair:3   | Reached ****** piety under Okawaru
 15023 | Lair:3   | Reached skill level 10 in Armour
 15063 | Lair:3   | Reached skill level 10 in Shields
 15089 | Lair:3   | Received a gift from Okawaru
 15471 | Lair:3   | Found a staircase to the Shoals.
 15663 | Shoals:1 | Entered Level 1 of the Shoals
 15790 | Lair:4   | Reached skill level 13 in Short Blades
 15829 | Lair:4   | Noticed a four-headed hydra
 15835 | Arena    | Entered the Arena
 15844 | Arena    | Killed a four-headed hydra
 15942 | Lair:4   | Found a staircase to the Slime Pits.
 15942 | Lair:4   | Found a viscous altar of Jiyva.
 15956 | Slime:1  | Entered Level 1 of the Pits of Slime
 15972 | Slime:1  | Reached skill level 1 in Evocations
 15977 | Slime:1  | Noticed a quicksilver ooze
 15997 | Lair:4   | Drowned by a quicksilver ooze

Illustrated notes

Levels and vault maps discovered:
D:1:      lightli_arrival_statue_moat, layout_loops_ring, basic_ecumenical_altar
D:2:      layout_basic, serial_shops, shop_statue, dk_vineyard_2,
          kennysheep_generic_room_8
D:3:      layout_loops_corners, lemuel_tele_altar, uniq_robin, uniq_ijyb
D:4:      layout_basic, lemuel_round_altar, serial_bayou_ford_a,
          minmay_misc_feat_nine_boxes
D:5:      layout_basic, marbit_many_paths, minmay_temple_entry_purple_smoke
D:6:      layout_basic, amcnicky_altar_gilded, nicolae_ossuary_entry_giza
D:7:      minmay_polygon_palace, layout_loops_corners, tgw_xom,
          serial_bayou_pond_d, hangedman_minor_gate_pass
D:8:      layout_basic, nicolae_vehumet_altar_sigil,
          mainiacjoe_overflow_six_doors_small, tgw_kikubaaqudgha, serial_shops,
          nicolae_shop_hallway_plus, kennysheep_small_spiral,
          minmay_joined_circles
D:9:      layout_basic, overflow_temple_1_default, kennysheep_mini,
          minmay_lair_entry_grove, orc_david_3, uniq_gastronok
D:10:     layout_cave_pools, nicolae_overflow_crystal_walls, tgw_fedhas,
          nicolae_ru_awakened_eye, nicolae_shop_firing_range
Temple:   corrupted_temple
Lair:1:   layout_gridlike, grunt_megastairs_1
Lair:2:   layout_cave_pods, minmay_snake_entry_guardpost_large, st_stairs_9,
          evilmike_ambush [evilmike_ambush_outer_basic,
          evilmike_ambush_inner_basic]
Lair:3:   hellmonk_destroyed_diamonds, layout_regular_city,
          minmay_shoals_entry_beasts, grunt_forest_large_clearings
Lair:4:   layout_gridlike, slime_entry_1, serial_bayou_lagoon_a,
          grunt_megastairs_4
Shoals:1: layout_shoals, nicolae_shoals_nymph_descending_staircase,
          uniq_mlioglotl
Slime:1:  layout_caves
Orc:1:    layout_caves, gammafunk_ghost_stat_death, serial_shops, shop,
          uniq_erica

Skill      XL: |  1  2  3  4  5  6  7  8  9 10 11 12 13 |
---------------+----------------------------------------+-----
Long Blades    | 3 |  3.6
Armour         | 4 5 7 8 9 10 | 10.2
Dodging        | 1 2 4 5 7 8 |  8.7
Short Blades   | 1 2 5 6 9 10 12 13 | 13.1
Fighting       | 4 5 6 7 |  7.5
Shields        | 4 5 6 8 9 10 | 10.4
Invocations    | 1 |  1.2
Evocations     | 1 |  1.1

Action                   |  1- 3 |  4- 6 |  7- 9 | 10-12 | 13-15 || total
-------------------------+-------+-------+-------+-------+-------++-------
Melee: Long sword        |    62 |   141 |       |       |       ||   203
       Short sword       |       |    32 |   235 |   403 |       ||   670
       Falchion          |       |       |       |   251 |       ||   251
       Rapier            |       |       |       |   423 |   333 ||   756
Invok: Heroism           |       |       |     2 |    29 |    13 ||    44
       Finesse           |       |       |       |     2 |       ||     2
       Duel              |       |       |       |     1 |     1 ||     2
Evoke: Wand              |       |       |       |     1 |     5 ||     6
       Lightning rod     |       |       |       |       |     1 ||     1
  Use: Scroll            |     1 |     2 |     3 |    12 |     2 ||    20
       Potion            |     1 |       |     1 |     4 |     2 ||     8
Armor: Scale mail        |    28 |       |       |       |       ||    28
       Plate armour      |       |   149 |   112 |   406 |   237 ||   904
Dodge: Dodged            |    27 |    28 |    55 |   195 |    94 ||   399
Block: Buckler           |    11 |    47 |    44 |    23 |       ||   125
       Kite shield       |       |       |       |   592 |   330 ||   922

Table legend: (Time is in decaauts)
 A = Elapsed time spent in this place.
 B = Non-inter-level travel time spent in this place.
 C = Inter-level travel time spent in this place.
 D = Time resting spent in this place.
 E = Time spent auto-exploring this place.
 F = Levels seen in this place.
 G = Mean time per level.
                   A        B        C        D        E       F      G
               +--------+--------+--------+--------+--------+-----+--------+
         Total |  15644 |  12711 |   2933 |   1493 |   7936 |  20 |  782.2 |
       Dungeon |  12208 |  10568 |   1640 |   1341 |   6885 |  10 | 1220.8 |
        Temple |     55 |     29 |     26 |      0 |     20 |   1 |   55.0 |
          Lair |   3264 |   2009 |   1255 |    152 |   1031 |   4 |  816.0 |
        Shoals |     63 |     52 |     11 |      0 |      0 |   1 |   63.0 |
    Slime Pits |     20 |     20 |      0 |      0 |      0 |   1 |   20.0 |
  Orcish Mines |      3 |      3 |      0 |      0 |      0 |   1 |    3.0 |
         Arena |     28 |     28 |      0 |      0 |      0 |   2 |   14.0 |
               +--------+--------+--------+--------+--------+-----+--------+

Top non-repeatable levels by time:
     D:9: 2235 daAuts
     D:7: 1558 daAuts
     D:8: 1274 daAuts
  Lair:2: 1229 daAuts
     D:5: 1201 daAuts
     D:3: 1199 daAuts
     D:2: 1182 daAuts
     D:6: 1058 daAuts
  Lair:3: 992 daAuts
    D:10: 881 daAuts
  Lair:1: 864 daAuts
     D:4: 851 daAuts
     D:1: 766 daAuts
  Lair:4: 178 daAuts
Shoals:1: 63 daAuts
